 Dungeon Crawl Stone Soup version 0.15.2 (webtiles) character file.

21075 hcnick the Spry (level 12, -2/58 HPs)
             Began as a Spriggan Abyssal Knight on Nov 4, 2014.
             Was a High Priest of Lugonu.
             Slain by a spiny frog (21 damage)
             ... on Level 3 of the Lair of Beasts.
             The game lasted 01:49:46 (28934 turns).

hcnick the Spry (Spriggan Abyssal Knight)          Turns: 28934, Time: 01:49:46

HP  -2/58        AC  9     Str  8      XL: 12   Next: 51%
MP  30/30        EV 32     Int 15      God: Lugonu [*****.]
Gold 1091        SH  0     Dex 19      Spells:  0 memorised, 11 levels left

rFire  . . .     SeeInvis +     p - +0 cutlass
rCold  . . .     Clarity  .     U - +2 robe {MR+}
rNeg   . . .     rCorr    .     (shield restricted)
rPois  .         rRot     .     G - +1 hat
rElec  .         Spirit   .     y - +2 cloak
SustAb .         Warding  .     (gloves unavailable)
rMut   .         Stasis   .     (boots unavailable)
Gourm  .                        o - amulet of faith
MR     +++++                    N - +1 ring of protection
                                d - ring of protection from magic

@: lethally poisoned, very quick, almost entirely resistant to hostile
enchantments, very stealthy
A: unfitting armour, see invisible, herbivore 3, speed 3, magic resistance 1,
slow metabolism 2, evolution 1
a: Depart the Abyss, Bend Space, Banish, Corrupt, Enter the Abyss, Renounce
Religion


You were on level 3 of the Lair of Beasts.
You worshipped Lugonu.
Lugonu was extremely pleased with you.
You were hungry.

You visited 2 branches of the dungeon, and saw 13 of its levels.
You visited the Abyss 2 times.
You also visited: Bailey.

You collected 1091 gold pieces.

Inventory:

Hand weapons
 p - a +0 cutlass (weapon)
 v - a +0 blowgun
 x - a +0 shortbow
Missiles
 b - 5 arrows of flame
 l - 20 bolts of flame
 w - 28 poisoned needles
 z - 65 arrows
 A - 20 arrows of frost
 C - 158 stones (quivered)
 D - 11 poisoned arrows
 E - 6 curare-tipped needles
 F - 73 bolts
 Y - 3 needles of slowing
Armour
 y - a +2 cloak (worn)
 G - a +1 hat (worn)
 U - a +2 robe of magic resistance (worn)
Magical devices
 h - a wand of fire (0)
 m - a wand of slowing (17)
 n - a wand of slowing (3)
 B - a wand of frost (0)
 H - a wand of draining (2)
 I - a wand of paralysis (5)
 R - a wand of frost (8)
 V - a wand of flame (24) {unknown}
Comestibles
 f - 5 bread rations
 r - 4 fruits
Scrolls
 e - a scroll of enchant weapon {unknown}
 g - 7 scrolls of remove curse
 i - 3 scrolls of amnesia
 q - 5 scrolls of teleportation
 s - 3 scrolls of recharging
 u - 2 scrolls of fear
 X - 2 scrolls of fog
 Z - a scroll of immolation
Jewellery
 c - an uncursed ring of ice
 d - a ring of protection from magic (left hand)
 o - an amulet of faith (around neck)
 J - an uncursed ring of teleport control
 L - an uncursed amulet of guardian spirit {unknown}
 N - a +1 ring of protection (right hand)
Potions
 a - a potion of brilliance
 j - 5 potions of curing
 k - a potion of agility
 t - a potion of haste
 K - a potion of might
 S - 2 potions of magic
 T - 3 potions of heal wounds
 W - a potion of lignification
Magical staves
 P - an uncursed staff of death


   Skills:
 + Level 4.0 Fighting
 + Level 10.9 Short Blades
 - Level 7.5 Bows
 + Level 15.0 Dodging
 + Level 12.4 Stealth
 - Level 10.6 Invocations


You had 11 spell levels left.
You didn't know any spells.

Dungeon Overview and Level Annotations

Branches:
Dungeon (10/15)            Temple (0/1) D:7            Lair (3/8) D:10
    Orc: D:9-12       Swamp: Lair:3-6    Shoals: Lair:3-6     Snake: Lair:3-6
 Spider: Lair:3-6

Altars:
Cheibriados
Elyvilon
Fedhas
Vehumet
Yredelemnul

Annotations:
Lair:3 Rupert
Abyss:1 Prince Ribbit


Innate Abilities, Weirdness & Mutations

You are tiny and cannot use many weapons and most armour.
You have supernaturally acute eyesight.
You are a herbivore.
You cover ground extremely quickly.
You need consume almost no food.
You are resistant to hostile enchantments.
You evolve.


Message History

The spiny frog is almost dead.
The spiny frog completely misses you.
You hit the spiny frog but do no damage.
The spiny frog is almost dead.
You hit the spiny frog but do no damage.
The spiny frog is almost dead.
You feel sick. The spiny frog completely misses you.
You hit the spiny frog but do no damage.
The spiny frog is almost dead.
The spiny frog completely misses you.
You hit the spiny frog.
The spiny frog is almost dead.
You feel sick. The spiny frog closely misses you.
You hit the spiny frog.
The spiny frog is almost dead.
The spiny frog completely misses you.
You hit the spiny frog but do no damage.
The spiny frog is almost dead.
The spiny frog stings you!!
You die...

...#......######....#
##..P##.....## ##....#
##.#.##......# ## ...#
#P.....#.....# .# ...
#....#......# .## .
##.+.#......# ..# #
#P.##......# ##.# ....
.##P.P.#.....###.+##....#
.....P..........@F.......
........!................
..........................
...........................
...........................
.......................>...
###'###.................#
.##'.##....#.##..##.%...##
.#...#.....## ####.#.....#.


You could see a spiny frog.

Vanquished Creatures
  An orc warlord (Bailey)
  Pikel (D:4)
  4 spiny frogs
  3 komodo dragons
  A wandering mushroom (Lair:2)
  3 blink frogs (Lair:1)
  2 basilisks
  21 yaks
  A wyvern (D:10)
  2 spriggans
  Eustachio (D:4)
  A steam dragon (D:9)
  3 wolves (D:10)
  10 hippogriffs
  5 water moccasins
  14 orc warriors (Bailey)
  2 black bears
  2 necrophages
  3 ogres
  9 sky beasts
  4 centaurs
  Sigmund (D:2)
  3 crocodiles
  A big kobold (D:10)
  A gnoll sergeant (D:7)
  A cyclops zombie (D:8)
  2 insubstantial wisps (D:9)
  14 giant frogs
  2 scorpions (D:4)
  A vampire bat (D:4)
  25 killer bees
  3 electric eels (D:10)
  3 goliath beetles (D:6)
  4 crimson imps
  A quasit (D:10)
  13 hounds
  A giant frog skeleton (D:5)
  4 jellies
  Crazy Yiuf (D:3)
  An orc priest (D:6)
  3 iguanas
  4 orc wizards
  6 worker ants
  Natasha (thrice) (D:5)
  A sky beast zombie (D:6)
  An ogre zombie (D:5)
  Ijyb (D:5)
  Jessica (D:2)
  Terence (D:2)
  17 gnolls
  11 adders
  6 green rats (Lair:1)
  2 worms
  An adder zombie (D:8)
  An orc zombie (D:7)
  An adder skeleton (D:7)
  10 giant geckos
  2 oozes (D:10)
  38 orcs
  A giant cockroach (D:3)
  30 goblins
  28 hobgoblins
  28 jackals
  7 quokkas
  2 ball pythons (D:3)
  15 bats
  7 giant newts
  A giant spore (D:8)
  2 gnoll zombies (D:6)
  A goblin skeleton (D:4)
  2 hobgoblin zombies
  17 kobolds
  A kobold skeleton (D:8)
  2 orc skeletons
  A quokka zombie (D:6)
  13 rats
  A ballistomycete (D:8)
444 creatures vanquished.

Vanquished Creatures (others)
  A hydra (Lair:2)
  2 orc knights (Bailey)
  2 spiny frogs (Lair:1)
  2 black mambas (Lair:2)
  A komodo dragon (Lair:2)
  An item mimic (D:9)
  The ghost of heinrich the Sneak, an experienced OpIE of Vehumet (D:5)
  2 blink frogs (Lair:1)
  A troll (D:10)
  A hungry ghost (D:7)
  A hill giant skeleton (D:9)
  An ice beast (D:8)
  2 phantoms
  An orc warrior (Bailey)
  A jelly (D:10)
  2 crimson imps (D:5)
  An orc wizard (D:4)
  A kobold (D:4)
  A ball python (D:4)
  A goblin (D:4)
26 creatures vanquished.

Grand Total: 470 creatures vanquished

Notes
Turn   | Place    | Note
--------------------------------------------------------------
     0 | Abyss:1  | hcnick, the Spriggan Abyssal Knight, began the quest for the Orb.
     0 | Abyss:1  | Reached XP level 1. HP: 11/11 MP: 2/2
    75 | Abyss:1  | Noticed a large abomination
   128 | Abyss:1  | Noticed a small abomination
   132 | Abyss:1  | Noticed a small abomination
   153 | Abyss:1  | Noticed a spatial vortex
   154 | Abyss:1  | Noticed a spatial vortex
   166 | Abyss:1  | Noticed a small abomination
   171 | Abyss:1  | Noticed a guardian serpent
   185 | Abyss:1  | Noticed a jelly
   204 | Abyss:1  | Noticed a tentacled starspawn
   206 | Abyss:1  | Noticed a raiju
   211 | D:1      | Escaped the Abyss
   976 | D:1      | Reached skill level 1 in Stealth
  1137 | D:1      | Reached skill level 4 in Dodging
  1142 | D:1      | Reached XP level 2. HP: 11/16 MP: 4/4
  1297 | D:2      | Noticed Terence
  1338 | D:2      | Killed Terence
  1507 | D:2      | Acquired Lugonu's first power
  1612 | D:2      | Reached XP level 3. HP: 13/19 MP: 6/6
  1697 | D:2      | Noticed Jessica
  1709 | D:2      | Killed Jessica
  1718 | D:2      | Reached skill level 5 in Dodging
  1841 | D:2      | Noticed Sigmund
  2217 | D:2      | Acquired Lugonu's second power
  2217 | D:2      | Reached XP level 4. HP: 23/23 MP: 9/9
  2347 | D:2      | Found a white marble altar of Elyvilon.
  2721 | D:2      | Killed Sigmund
  2721 | D:2      | Reached skill level 6 in Dodging
  2721 | D:2      | Reached skill level 5 in Stealth
  2721 | D:2      | Reached XP level 5. HP: 22/27 MP: 11/11
  3106 | D:3      | Noticed Crazy Yiuf
  3723 | D:3      | Acquired Lugonu's third power
  3997 | D:3      | Paralysed by Crazy Yiuf for 3 turns
  4324 | D:3      | Noticed a sky beast
  4476 | D:4      | Reached skill level 7 in Dodging
  4476 | D:4      | Reached XP level 6. HP: 24/32 MP: 13/13
  4716 | D:4      | Noticed Prince Ribbit
  4737 | D:4      | Noticed Pikel
  4737 | D:4      | Noticed a slave
  4737 | D:4      | Noticed a slave
  4739 | D:4      | Noticed a slave
  4879 | D:3      | Killed Crazy Yiuf
  5140 | D:3      | Killed a sky beast
  5234 | D:4      | Noticed Eustachio
  5597 | D:4      | Killed Eustachio
  5597 | D:4      | Reached skill level 8 in Dodging
  5597 | D:4      | Reached XP level 7. HP: 19/35 MP: 17/17
  5602 | D:4      | Acquired Lugonu's fourth power
  5895 | D:4      | Noticed a slave
  6700 | D:4      | Banished Prince Ribbit
  6979 | D:4      | Killed Pikel
  6979 | D:4      | Reached XP level 8. HP: 14/39 MP: 19/22
  7365 | D:5      | Entered Level 5 of the Dungeon
  7682 | D:5      | Noticed heinrich's ghost (experienced OpIE)
  7716 | D:5      | Banished heinrich's ghost
  7864 | D:5      | Noticed Ijyb
  7889 | D:5      | Killed Ijyb
  8052 | D:5      | Noticed Natasha
  8064 | D:5      | Killed Natasha
  8470 | D:5      | Reached skill level 9 in Dodging
  8600 | D:5      | Noticed Natasha
  8614 | D:5      | Killed Natasha
  8680 | D:5      | Acquired Lugonu's fifth power
  9044 | D:5      | Noticed Natasha
  9054 | D:5      | Killed Natasha
  9778 | D:6      | Reached XP level 9. HP: 23/43 MP: 24/24
 10019 | D:6      | Found a snail-covered altar of Cheibriados.
 10729 | D:6      | Found a basalt altar of Yredelemnul.
 11795 | D:7      | Found a blossoming altar of Fedhas.
 11948 | D:7      | Reached skill level 10 in Stealth
 12014 | D:7      | Reached skill level 5 in Short Blades
 12150 | D:7      | Reached skill level 10 in Dodging
 12306 | D:7      | Reached skill level 1 in Bows
 12333 | D:7      | Found a staircase to the Ecumenical Temple.
 12477 | D:7      | Found a radiant altar of Vehumet.
 14586 | D:8      | Reached XP level 10. HP: 42/47 MP: 26/26
 14672 | D:8      | Reached skill level 11 in Dodging
 16541 | D:10     | Entered Level 10 of the Dungeon
 16752 | D:10     | Found a flagged portal.
 16769 | Bailey   | Entered a bailey
 16830 | Bailey   | Reached skill level 5 in Bows
 17182 | Bailey   | Noticed an orc knight
 17260 | Bailey   | Banished an orc knight
 18109 | Bailey   | Noticed an orc warlord
 18202 | Bailey   | Noticed an orc knight
 18255 | Bailey   | Banished an orc knight
 18517 | Bailey   | Reached skill level 12 in Dodging
 18896 | Bailey   | Killed an orc warlord
 18896 | Bailey   | Reached XP level 11. HP: 49/51 MP: 28/28
 19110 | Bailey   | Got an ichor-stained cloak
 19121 | Bailey   | Identified the +0 cloak "Twaedubi" {Dex-5 Int+1} (You found it in a bailey)
 20563 | D:10     | Reached skill level 10 in Invocations
 20984 | D:10     | Found a staircase to the Lair.
 21932 | D:10     | Reached skill level 13 in Dodging
 23127 | Lair:1   | Entered Level 1 of the Lair of Beasts
 24377 | Lair:1   | Gained mutation: You are resistant to hostile enchantments. [potion of beneficial mutation]
 24378 | Lair:1   | Gained mutation: You evolve. [potion of beneficial mutation]
 24847 | Lair:1   | Reached skill level 14 in Dodging
 25503 | Lair:1   | Reached skill level 10 in Short Blades
 25709 | Abyss:1  | Noticed a large abomination
 25776 | Abyss:1  | Noticed a tentacled starspawn
 25801 | Abyss:1  | Noticed a wretched star
 25813 | Abyss:1  | Noticed a large abomination
 25917 | Abyss:2  | Found a corrupted altar of Lugonu.
 25984 | Abyss:2  | Noticed a wretched star
 26009 | Abyss:2  | Noticed a starcursed mass
 26013 | Abyss:2  | Noticed a tentacled starspawn
 26035 | Abyss:2  | Noticed a wretched star
 26067 | Lair:1   | Escaped the Abyss
 26378 | Lair:2   | Noticed a six-headed hydra
 26489 | Lair:2   | Reached XP level 12. HP: 7/56 MP: 25/30
 27943 | Lair:2   | Banished a six-headed hydra
 28574 | Lair:2   | Reached skill level 15 in Dodging
 28728 | Lair:3   | Noticed Rupert
 28934 | Lair:3   | Slain by a spiny frog

Action                   |  1- 3 |  4- 6 |  7- 9 | 10-12 || total
-------------------------+-------+-------+-------+-------++-------
Melee: Short sword       |   132 |   260 |   754 |  1284 ||  2430
       Cutlass           |       |       |       |    49 ||    49
 Fire: Blowgun           |       |    12 |    96 |   298 ||   406
       Shortbow          |       |       |   152 |   329 ||   481
Throw: Stone             |       |       |       |     1 ||     1
Invok: Depart the Abyss  |     1 |       |       |     1 ||     2
       Banish            |       |       |    12 |    24 ||    36
       Bend Space        |       |       |     1 |     3 ||     4
       Enter the Abyss   |       |       |       |     1 ||     1
Evoke: Wand              |       |     3 |    11 |       ||    14
  Use: Scroll            |       |     1 |     7 |    13 ||    21
       Potion            |       |       |       |    10 ||    10
 Stab: Sleeping          |     1 |     8 |    22 |    32 ||    63
       Distracted        |     1 |       |     2 |    10 ||    13
       Confused          |       |     4 |     3 |       ||     7
       Fleeing           |       |       |       |     1 ||     1
  Eat: Bread ration      |       |     1 |     2 |     2 ||     5
       Fruit             |       |     1 |       |     4 ||     5
       Royal jelly       |       |       |       |     2 ||     2
